 Dungeon Crawl Stone Soup version 0.24.0-125-gc4c63601f3 (webtiles) character file.

Game seed: 5250824537922146507, levelgen mode: deterministic

227422 Johnny the Warrior (level 18, -9/213 HPs)
             Began as a Troll Berserker on Feb 29, 2020.
             Was the Champion of Cheibriados.
             Hit by a large rock thrown by Polyphemus (41 damage)
             ... on level 1 of the Shoals.
             The game lasted 00:57:20 (34306 turns).

Johnny the Warrior (Troll Berserker)               Turns: 34306, Time: 00:57:20

Health: -9/213     AC: 23    Str: 47 (51) XL:     18   Next: 67%
Magic:  26/26      EV: 14    Int: 20      God:    Cheibriados [******]
Gold:   490        SH: 11    Dex: 24      Spells: 20/29 levels left

rFire    + + .     SeeInvis +     - Unarmed
rCold    . . .     Gourm    +   F - +0 shield
rNeg     . . .     Faith    .   g - +0 fire dragon scales
rPois    +         Spirit   .   q - +3 crown of Dyrovepreva {rElec Int+2 SInv}
rElec    +         Reflect  .   Q - +0 cloak {rPois}
rCorr    .         Harm     .   (gloves unavailable)
MR       +....                  (boots unavailable)
Stlth    ..........             w - amulet of the acrobat
HPRegen  0.85/turn              M - ring of protection from cold
MPRegen  0.20/turn              x - +4 ring of protection

@: very slightly contaminated, very slow
A: large, unfitting armour, claws 3, fast metabolism 3, gourmand, regeneration
1, shaggy fur 1, tough skin 3
}: 1/15 runes: gossamer
a: Bend Time, Temporal Distortion, Slouch, Step From Time, Renounce Religion


You were on level 1 of the Shoals.
You worshipped Cheibriados.
Cheibriados was exalted by your worship.
You were completely stuffed.

You visited 7 branches of the dungeon, and saw 33 of its levels.
You also visited: Ossuary and Bailey.

You collected 4518 gold pieces.
You spent 4028 gold pieces at shops.

Inventory:

Missiles
 y - 24 large rocks (quivered)
Armour
 g - +0 fire dragon scales (worn)
 q - the +3 crown of Dyrovepreva (worn) {rElec Int+2 SInv}
   (You bought it in a shop on level 2 of the Orcish Mines)

   It affects your intelligence (+2).
   It insulates you from electricity.
   It lets you see invisible.
 v - a scarf of resistance
 F - a +0 shield (worn)
 Q - a +0 cloak of poison resistance (worn)
 Y - a scarf of cloud immunity
Jewellery
 o - an uncursed ring of protection from magic
 s - an uncursed ring of stealth
 w - an amulet of the acrobat (around neck)
 x - a +4 ring of protection (right claw)
 G - an uncursed ring of poison resistance {unknown}
 I - an uncursed amulet of regeneration {unknown}
 J - an uncursed ring of fire {unknown}
 K - an uncursed ring of resist corrosion
 M - a ring of protection from cold (left claw)
 T - an uncursed amulet of rage
 U - an uncursed ring of positive energy
 X - a +5 ring of dexterity
Wands
 L - a wand of iceblast (9)
 W - a wand of digging (8)
Scrolls
 a - 4 scrolls of magic mapping
 c - 2 scrolls of fear
 d - 7 scrolls of teleportation
 h - 8 scrolls of immolation
 n - 7 scrolls of enchant armour
 p - a scroll of blinking
 t - 2 scrolls of vulnerability
 z - 16 scrolls of remove curse
 E - 10 scrolls of identify
 P - a scroll of amnesia
 V - 2 scrolls of fog
Potions
 e - 2 potions of ambrosia
 f - 3 potions of flight
 i - a potion of invisibility
 j - 4 potions of magic
 k - a potion of mutation
 l - 6 potions of lignification
 m - 3 potions of haste
 r - 2 potions of might
 u - 7 potions of brilliance
 A - 4 potions of curing
 B - a potion of berserk rage
 C - a potion of heal wounds
 D - 4 potions of degeneration
 N - 8 potions of agility
Comestibles
 b - 47 rations


   Skills:
 - Level 20.6 Fighting
 - Level 8.4 Armour
 - Level 10.3 Dodging
 - Level 15.6 Unarmed Combat
 + Level 6.2 Spellcasting
 - Level 8.0 Translocations
 * Level 8.1 Transmutations
 + Level 1.8 Invocations


You had 20 spell levels left.
You knew the following spells:

 Your Spells              Type           Power        Failure   Level  Hunger
a - Blink                 Tloc           N/A          6%          2    None
b - Passwall              Tmut/Erth      ###.....     32%         2    None
c - Blade Hands           Tmut           #####.....   75%         5    #####..

Your spell library contained the following spells:

 Spells                   Type           Power        Failure   Level  Hunger
 Beastly Appendage        Tmut           #####.       4%          1    None
 Sticks to Snakes         Tmut           #####...     6%          2    None
 Gell's Gravitas          Tloc           #####.....   13%         3    ##.....
 Spider Form              Tmut/Pois      ###.......   54%         3    ##.....
 Portal Projectile        Hex/Tloc       ###...       56%         3    ##.....
 Animate Skeleton         Necr           N/A          75%         1    None
 Confusing Touch          Hex            #.....       75%         1    None
 Corona                   Hex            #......      75%         1    None
 Magic Dart               Conj           #...         75%         1    None
 Pain                     Necr           #...         75%         1    None
 Sandblast                Erth           #.....       75%         1    None
 Summon Butterflies       Summ           #.......     75%         1    None
 Summon Small Mammal      Summ           #...         75%         1    None
 Call Imp                 Summ           #.......     87%         2    None
 Corpse Rot               Necr           N/A          87%         2    None
 Searing Ray              Conj           #.....       87%         2    None
 Slow                     Hex            #.......     87%         2    None
 Sublimation of Blood     Necr           #.........   87%         2    None
 Ice Form                 Ice/Tmut       ###.....     91%         4    ####...
 Petrify                  Tmut/Erth      ###.....     91%         4    ####...
 Force Lance              Conj/Tloc      ###.....     92%         4    ####...
 Call Canine Familiar     Summ           #.......     98%         3    ##.....
 Confuse                  Hex            #.......     98%         3    ##.....
 Conjure Flame            Conj/Fire      #.......     98%         3    ##.....
 Dazzling Spray           Conj/Hex       #.....       98%         3    ##.....
 Inner Flame              Hex/Fire       #.......     98%         3    ##.....
 Mephitic Cloud           Conj/Pois/Air  #.......     98%         3    ##.....
 Regeneration             Chrm/Necr      #.........   98%         3    ##.....
 Stone Arrow              Conj/Erth      #.....       98%         3    ##.....
 Summon Guardian Golem    Hex/Summ       #.......     98%         3    ##.....
 Vampiric Draining        Necr           #.........   98%         3    ##.....
 Yara's Violent Unravell  Hex/Tmut       ###.......   99%         5    #####..
 Animate Dead             Necr           N/A          100%        4    ####...
 Cause Fear               Hex            #.........   100%        4    ####...
 Fulminant Prism          Conj/Hex       #.........   100%        4    ####...
 Iskenderun's Mystic Bla  Conj           #.......     100%        4    ####...
 Leda's Liquefaction      Hex/Erth       #.........   100%        4    ####...
 Summon Ice Beast         Ice/Summ       #.......     100%        4    ####...
 Summon Lightning Spire   Summ/Air       #.......     100%        4    ####...
 Agony                    Necr           #.......     100%        5    #####..
 Bolt of Draining         Conj/Necr      #.........   100%        5    #####..
 Bolt of Magma            Conj/Fire/Erth #.........   100%        5    #####..
 Dispel Undead            Necr           #.......     100%        5    #####..
 Excruciating Wounds      Chrm/Necr      #.........   100%        5    #####..
 Iskenderun's Battlesphe  Conj/Chrm      #.......     100%        5    #####..
 Lee's Rapid Deconstruct  Erth           #.........   100%        5    #####..
 Metabolic Englaciation   Hex/Ice        #.........   100%        5    #####..
 Summon Mana Viper        Hex/Summ       #.......     100%        5    #####..
 Venom Bolt               Conj/Pois      #.........   100%        5    #####..
 Iron Shot                Conj/Erth      #.........   100%        6    #######
 Simulacrum               Ice/Necr       #.........   100%        6    #######
 Orb of Destruction       Conj           #.........   100%        7    #######
 Spellforged Servitor     Conj/Summ      #.........   100%        7    #######
 Summon Hydra             Summ           #.........   100%        7    #######
 Shatter                  Erth           #.........   100%        9    #######


Dungeon Overview and Level Annotations

Branches:
Dungeon (15/15) Temple (0/1) D:7 Lair (6/6) D:8 Shoals (2/4) Lair:2 Spider (4/4) Lair:2 Slime (0/5) Lair:5 Orc (2/2) D:11 Elf (3/3) Orc:2 Vaults (0/5) D:13 D:14 Depths (1/5) D:15 Ossuary (visited) Bailey (visited)

Altars:
Ashenzari
Cheibriados
Elyvilon
Fedhas
Gozag
Kikubaaqudgha
Makhleb
Nemelex Xobeh
Okawaru
Ru
Xom
Zin
The Shining One
Beogh
Jiyva

Shops:
D:6 [   D:8 [   D:13 [   D:14 (   Orc:2 [*%=(:%((   Elf:1 (   Elf:2 }=}
Shoals:1 }   Depths:1 !

Portals:
Hell: Depths:1
Pandemonium: Orc:2

Annotations:
Lair:5 1 runed translucent door
Shoals:1 Polyphemus
Elf:2 3 runed translucent doors


Innate Abilities, Weirdness & Mutations

You are too large for most types of armour.
You have claws for hands.
Your metabolism is lightning-fast.
You like to eat raw meat.
Your natural rate of healing is unusually fast.
You are covered in fur. (AC +1)
You have extremely tough skin. (AC +3)


Message History

Polyphemus is heavily wounded.
Polyphemus hits you!!
* * * LOW HITPOINT WARNING * * *
Polyphemus misses you.
Unknown command.
You feel much better. Polyphemus hits you!!
* * * LOW HITPOINT WARNING * * *
Polyphemus barely misses you.
Unknown command.
Unknown command.
Unknown command.
Blink to where?
Press: ? - help, Dir - move target cursor You are very lightly contaminated with residual magic.
As you read the scroll of blinking, it crumbles to dust.
Evoke which item? (* to show all) (? for menu, Esc to quit)
Okay, then.
You feel much better.
Polyphemus throws a large rock.
The large rock hits you!!!
You die...

≈≈............≈≈≈≈≈≈≈≈≈≈≈≈≈≈≈≈≈≈.
≈≈(..≈≈≈.C....≈≈≈≈≈≈≈.≈≈≈≈≈≈≈≈≈≈.
≈≈≈(≈≈≈≈.......>.≈≈≈.=≈≈..≈≈≈≈≈≈.
≈≈≈≈≈≈≈......................≈≈≈.
≈≈.....................##........
≈.........≈......................
..........≈≈..........)......###.
..........≈≈≈≈...###...≈.....####
..........≈≈≈≈≈.@#####...........
...♣......≈≈≈≈≈≈..# ###..≈≈..##(.
.♣.∩.♣....≈≈≈≈≈≈..###....≈≈≈....≈
...♣......≈≈≈≈≈≈≈.......≈≈≈≈≈≈≈≈≈
..........≈≈≈≈≈≈.......≈≈≈≈≈≈≈≈≈≈
..........≈≈≈≈≈≈......≈≈≈≈≈≈≈≈≈≈≈
.≈≈≈≈≈≈≈≈≈≈≈≈≈≈≈≈≈...≈≈≈≈≈≈≈≈≈...
≈≈≈≈≈≈≈≈≈≈≈≈≈≈≈≈≈≈≈≈≈≈≈≈≈≈≈≈≈....
≈≈≈≈≈≈≈≈≈≈≈≈≈≈≈..≈.≈≈≈≈≈≈≈≈≈≈....


You could see Polyphemus.

Vanquished Creatures
  Bai Suzhen (Depths:1)
  Jorgrun (Spider:1)
  Rupert (D:14)
  Frances (D:14)
  Kirke (D:14)
  2 frost giants (Depths:1)
  A deep elf sorcerer (Elf:1)
  4 ghost moths
  6 emperor scorpions
  4 entropy weavers
  8 stone giants
  The ghost of Huasawuy the Grappler, a journeyman TrWz of Okawaru (Lair:3)
  2 spark wasps
  Josephine (D:14)
  2 deep elf death magi
  4 fire dragons
  An ettin (Depths:1)
  A merfolk impaler (Shoals:2)
  A harpy (Shoals:1)
  An ice dragon (D:15)
  Erolcha (Orc:2)
  2 yaktaur captains (Depths:1)
  A spriggan air mage (Depths:1)
  8 hydras
  8 centaur warriors
  5 catoblepae
  A merfolk avatar (Shoals:2)
  An ogre mage (D:15)
  An alligator snapping turtle (Shoals:2)
  8 two-headed ogres
  A tengu warrior (D:15)
  18 death yaks
  9 dancing weapons
  5 deep troll shamans (Depths:1)
  7 deep elf knights
  5 orc high priests (Orc:2)
  A spriggan berserker (Depths:1)
  2 sun demons (Orc:2)
  7 skeletal warriors
  3 iron trolls
  2 sea snakes (Shoals:2)
  2 torturous demonspawn (Orc:2)
  12 deep trolls
  An infernal demonspawn (Orc:2)
  10 deep elf archers
  A gelid demonspawn (Orc:2)
  3 unseen horrors
  5 orc knights
  A wizard (Elf:1)
  50 deep elf magi
  11 orb spiders
  3 ugly things
  10 manticores
  8 cyclopes
  6 orc sorcerers
  A salamander (Spider:3)
  21 wolf spiders
  3 fauns (Shoals:1)
  7 slime creatures
  3 black mambas
  4 merfolk sirens
  3 moths of wrath
  9 elephants
  2 water nymphs
  2 centaur skeletons
  9 spiny frogs
  2 gargoyles
  2 torpor snails
  14 rime drakes
  2 yaktaurs (Depths:1)
  A komodo dragon (shapeshifter) (D:13)
  6 demonic crawlers
  5 komodo dragons
  4 merfolk
  A red devil (Orc:2)
  A hellwing (Orc:2)
  A wind drake (Shoals:2)
  A tengu conjurer (Elf:1)
  41 jumping spiders
  12 trolls
  3 meliai (Spider:3)
  18 polar bears
  10 hornets
  3 snapping turtles
  6 dream sheep (Lair:4)
  A raiju (Spider:3)
  10 blink frogs (Lair:6)
  13 hippogriffs
  Sigmund (D:3)
  25 tarantellas
  3 air elementals
  65 redbacks
  4 water elementals
  A centaur simulacrum (D:15)
  9 wyverns
  51 yaks
  16 humans (D:14)
  5 wraiths
  3 fire elementals
  A hog (D:14)
  10 basilisks
  12 steam dragons (Lair:2)
  2 hungry ghosts
  2 vampire mosquitoes (D:15)
  A warg (Orc:2)
  2 soldier ants
  An acid dragon (D:14)
  2 hell hounds (Lair:5)
  8 water moccasins
  3 porcupines
  2 sky beasts
  2 eyes of draining
  A phantom (D:10)
  4 ice beasts
  17 black bears
  3 necrophages
  37 orc warriors
  28 ogres
  5 boggarts
  5 wolves (Lair:3)
  27 centaurs
  15 crocodiles
  A big kobold (D:7)
  12 bullfrogs
  2 earth elementals (Elf:2)
  A wyvern zombie (D:13)
  3 scorpions
  16 killer bees
  3 electric eels
  A howler monkey (D:14)
  4 crimson imps
  2 bullfrog zombies
  23 orc priests
  3 centaur zombies
  9 hounds
  5 bullfrog skeletons
  Crazy Yiuf (D:2)
  18 orc wizards
  2 iguanas
  3 jellies
  Jessica (D:3)
  Terence (D:3)
  7 worker ants
  A big kobold zombie (Ossuary)
  3 hound skeletons
  9 mummies
  Robin (D:2)
  2 howler monkey skeletons
  4 gnolls
  8 adders
  4 shadow imps
  An ooze (D:2)
  2 adder skeletons
  An adder zombie (D:5)
  2 worms
  A dart slug (D:3)
  6 leopard geckos
  83 orcs
  2 ball pythons
  8 bats
  8 giant cockroaches
  13 hobgoblins
  2 jackals (D:6)
  5 quokkas
  4 frilled lizards
  A gnoll zombie (Ossuary)
  23 goblins
  4 hobgoblin zombies (Ossuary)
  12 kobolds
  A kobold zombie (Ossuary)
  An orc zombie (Ossuary)
  A quokka zombie (D:7)
  6 rats
1194 creatures vanquished.

Vanquished Creatures (collateral kills)
  A two-headed ogre (Orc:2)
  4 death yaks (D:8)
  An orc high priest (Orc:2)
  2 orc knights
  2 harpies (Shoals:1)
  An orc sorcerer (Orc:2)
  A cyclops (Orc:1)
  A merfolk (Shoals:1)
  2 hornets
  11 orc warriors
  2 ogres (Orc:1)
  A gnoll sergeant (D:6)
  2 killer bees (D:8)
  10 orc priests
  2 orc wizards (Orc:1)
  4 gnolls (D:6)
  22 orcs
69 creatures vanquished.

Vanquished Creatures (others)
  2 harpies (Shoals:1)
  A deep elf mage (Elf:1)
  An orb spider (Spider:2)
  A harpy (shapeshifter) (D:14)
  2 humans (D:14)
  An orc (Bailey)
  3 fungi (Lair:2)
  5 plants
16 creatures vanquished.

Grand Total: 1279 creatures vanquished

Notes
Turn   | Place    | Note
-------+----------+-------------------------------------------
     0 | D:1      | Johnny the Troll Berserker began the quest for the Orb.
     0 | D:1      | Reached XP level 1. HP: 22/22 MP: 0/0
   126 | D:1      | Reached XP level 2. HP: 29/29 MP: 1/1
   515 | D:1      | Reached XP level 3. HP: 36/36 MP: 2/2
   578 | D:2      | Reached ** piety under Trog
   590 | D:2      | Noticed Robin
   608 | D:2      | Killed Robin
   613 | D:2      | Reached skill level 3 in Fighting
   828 | D:2      | Reached XP level 4. HP: 45/45 MP: 3/3
  1020 | D:2      | Found a runed translucent door.
  1021 | D:2      | Noticed Crazy Yiuf
  1380 | D:2      | Killed Crazy Yiuf
  1469 | D:3      | Found a blossoming altar of Fedhas.
  1469 | D:3      | Found an iron altar of Okawaru.
  1469 | D:3      | Found a glowing golden altar of the Shining One.
  1470 | D:3      | Found an opulent altar of Gozag.
  1605 | D:3      | Found a burning altar of Makhleb.
  1610 | D:3      | Found a glowing silver altar of Zin.
  1610 | D:3      | Noticed an angel
  1611 | D:3      | Noticed a green death
  1882 | D:3      | Noticed Jessica
  1885 | D:3      | Noticed Sigmund
  1889 | D:3      | Killed Jessica
  1889 | D:3      | Reached XP level 5. HP: 53/53 MP: 4/4
  1903 | D:3      | Killed Sigmund
  1903 | D:3      | Reached XP level 6. HP: 49/62 MP: 5/5
  1982 | D:3      | Noticed Terence
  1988 | D:3      | Killed Terence
  1988 | D:3      | Reached *** piety under Trog
  2642 | D:4      | Reached skill level 4 in Fighting
  2648 | D:4      | Reached skill level 5 in Unarmed Combat
  2773 | D:4      | Found an opulent altar of Gozag.
  2828 | D:4      | Reached XP level 7. HP: 38/71 MP: 6/6
  3324 | D:5      | Entered Level 5 of the Dungeon
  3358 | D:5      | Found a white marble altar of Elyvilon.
  3734 | D:5      | Found a snail-covered altar of Cheibriados.
  3963 | D:6      | Found Ronosal's Antique Armour Shop.
  3974 | D:6      | Bought a tattered robe for 182 gold pieces
  3984 | D:6      | Identified the cursed +0 robe of Jecoac {rC+} (You bought
                  | it in a shop on level 6 of the Dungeon)
  4006 | D:6      | Reached skill level 5 in Fighting
  4030 | D:6      | Reached skill level 5 in Dodging
  4032 | D:6      | Found a shattered altar of Ashenzari.
  4105 | D:6      | Found a sand-covered staircase.
  4111 | D:6      | Reached XP level 8. HP: 66/80 MP: 7/7
  4115 | Ossuary  | Entered an ossuary
  4128 | Ossuary  | Reached **** piety under Trog
  4951 | D:7      | Reached skill level 6 in Fighting
  4966 | D:7      | Reached skill level 1 in Armour
  4977 | D:7      | Reached XP level 9. HP: 69/89 MP: 8/8
  5228 | D:7      | Found a staircase to the Ecumenical Temple.
  5419 | D:7      | Reached ***** piety under Trog
  5756 | D:8      | Noticed a gargoyle
  5766 | D:8      | Killed a gargoyle
  5917 | D:8      | Found a staircase to the Lair.
  5917 | D:8      | Noticed a death yak
  5918 | D:8      | Noticed a death yak
  5918 | D:8      | Noticed a death yak
  5919 | D:8      | Noticed a death yak
  5920 | D:8      | Noticed a death yak
  5923 | D:8      | Noticed a death yak
  5927 | D:8      | Noticed a death yak
  5930 | D:8      | Killed a death yak
  5930 | D:8      | Reached skill level 7 in Fighting
  5939 | D:8      | Killed a death yak
  5939 | D:8      | Reached XP level 10. HP: 102/102 MP: 9/9
  5950 | D:8      | Killed a death yak
  5959 | D:8      | HP: 1/102 [death yak (23)]
  5961 | D:8      | Killed a death yak
  5968 | D:8      | Killed a death yak
  5974 | D:8      | Killed a death yak
  5982 | D:8      | Killed a death yak
  6070 | D:8      | Reached skill level 5 in Armour
  6126 | D:8      | Reached skill level 8 in Fighting
  6144 | D:8      | Found an ancient bone altar of Kikubaaqudgha.
  6224 | D:8      | Found a flagged portal.
  6244 | Bailey   | Entered a bailey
  6579 | Bailey   | Reached XP level 11. HP: 44/111 MP: 10/10
  6873 | Bailey   | Received a gift from Trog
  7212 | D:8      | Found Zibe's Armour Boutique.
  7220 | D:8      | Bought a +2 robe of magic resistance for 212 gold pieces
  7482 | D:9      | Reached skill level 10 in Unarmed Combat
  7658 | D:9      | Reached skill level 9 in Fighting
  7873 | D:9      | Noticed a two-headed ogre
  7881 | D:9      | Killed a two-headed ogre
  8174 | D:10     | Entered Level 10 of the Dungeon
  8554 | D:10     | Reached skill level 10 in Fighting
  8662 | D:10     | Received a gift from Trog
  9130 | D:11     | Found a staircase to the Orcish Mines.
  9131 | D:11     | Found a roughly hewn altar of Beogh.
  9236 | D:11     | Reached skill level 11 in Fighting
  9300 | D:11     | Noticed a brown ugly thing
  9308 | D:11     | Killed a brown ugly thing
  9574 | D:11     | Reached XP level 12. HP: 92/130 MP: 11/11
  9789 | D:11     | Found a blossoming altar of Fedhas.
  9862 | Orc:1    | Entered Level 1 of the Orcish Mines
 10041 | Orc:1    | Reached skill level 12 in Fighting
 10230 | Orc:1    | Found a shimmering altar of Xom.
 10417 | Orc:1    | Identified a scroll of acquirement
 10464 | Orc:2    | Entered Level 2 of the Orcish Mines
 10581 | Orc:2    | Noticed a two-headed ogre
 10607 | Orc:2    | Killed a two-headed ogre
 10804 | Orc:2    | Reached skill level 13 in Fighting
 10891 | Orc:2    | Found Juoqia's Antique Weapon Emporium.
 10897 | Orc:2    | Found Katoesit's Weapon Emporium.
 10941 | Orc:2    | Found a staircase to the Elven Halls.
 10990 | Orc:2    | Found Pizuon Iffipp's Food Shoppe.
 10994 | Orc:2    | Found Fugg's General Store.
 11002 | Orc:2    | Noticed an orc high priest
 11018 | Orc:2    | Killed an orc high priest
 11035 | Orc:2    | Reached skill level 14 in Fighting
 11114 | Orc:2    | Noticed an orc high priest
 11117 | Orc:2    | Killed an orc high priest
 11122 | Orc:2    | Noticed an orc high priest
 11138 | Orc:2    | Killed an orc high priest
 11138 | Orc:2    | Reached XP level 13. HP: 137/148 MP: 12/12
 11176 | Orc:2    | Reached skill level 15 in Fighting
 11237 | Orc:2    | Found Cuemupis's Book Boutique.
 11237 | Orc:2    | Found a one-way gate leading to the halls of Pandemonium.
 11237 | Orc:2    | Found Baqel's Antique Weapon Shop.
 11310 | Orc:2    | Bought a scroll of identify for 30 gold pieces
 11310 | Orc:2    | Bought a scroll of identify for 30 gold pieces
 11310 | Orc:2    | Bought 2 potions of agility for 120 gold pieces
 11310 | Orc:2    | Bought a ration for 75 gold pieces
 11448 | Orc:2    | Found an iron altar of Okawaru.
 11460 | Orc:2    | Found Cetomim's Jewellery Shop.
 11462 | Orc:2    | Noticed Erolcha
 11476 | Orc:2    | Killed Erolcha
 11476 | Orc:2    | Reached skill level 16 in Fighting
 11483 | Orc:2    | Bought an uncursed ring of protection from magic for 250
                  | gold pieces
 11538 | Orc:2    | Found Qioppar's Armour Emporium.
 11558 | Orc:2    | Bought the +3 crown of Dyrovepreva {rElec Int+2 SInv} for
                  | 662 gold pieces
 11558 | Orc:2    | Found the +3 crown of Dyrovepreva {rElec Int+2 SInv}
 11603 | Orc:2    | Found Qumirchiaw's Food Shop.
 12680 | D:13     | Found a gate to the Vaults.
 12680 | D:13     | Noticed Rupert
 12758 | D:13     | You fall into a shaft and drop 2 floors!
 12758 | D:15     | Entered Level 15 of the Dungeon
 12792 | D:15     | Reached skill level 17 in Fighting
 12993 | D:15     | Noticed a fire dragon
 13001 | D:15     | Killed a fire dragon
 13033 | D:15     | Found a staircase to the Depths.
 13179 | D:15     | Found a sacrificial altar of Ru.
 13551 | D:14     | Found Errot's Weapon Boutique.
 13936 | D:14     | Reached XP level 14. HP: 139/167 MP: 13/13
 13940 | D:14     | Noticed Frances
 13954 | D:14     | Killed Frances
 14062 | D:14     | Noticed Kirke
 14074 | D:14     | Killed Kirke
 14074 | D:14     | Reached skill level 18 in Fighting
 14188 | D:14     | Killed Rupert
 14197 | D:14     | Paralysed by a hornet for 2 turns
 14316 | D:13     | Noticed Josephine
 14509 | D:14     | Killed Josephine
 14761 | D:13     | Received a gift from Trog
 14789 | D:13     | Found Beothroi's Armour Boutique.
 15716 | Lair:1   | Entered Level 1 of the Lair of Beasts
 16606 | Lair:2   | Found a staircase to the Shoals.
 16716 | Lair:2   | Found a hole to the Spider Nest.
 16782 | Lair:2   | Reached XP level 15. HP: 164/176 MP: 14/14
 17490 | Lair:3   | Received a gift from Trog
 17891 | Lair:3   | Found a runed translucent door.
 17892 | Lair:3   | Noticed Huasawuy's ghost (journeyman TrWz)
 18271 | Lair:3   | Killed Huasawuy's ghost
 18853 | Lair:4   | Reached skill level 10 in Dodging
 19164 | Lair:5   | Found a runed translucent door.
 19164 | Lair:5   | Found a viscous altar of Jiyva.
 19167 | Lair:5   | Noticed an acid blob
 19167 | Lair:5   | Noticed an acid blob
 19168 | Lair:5   | Found a staircase to the Slime Pits.
 19169 | Lair:5   | Noticed an acid blob
 19453 | Orc:2    | Bought a book of Minor Magic for 300 gold pieces
 19453 | Orc:2    | Was placed under penance by Trog
 19456 | Orc:2    | Learned a level 2 spell: Blink
 19617 | Shoals:1 | Entered Level 1 of the Shoals
 19617 | Shoals:1 | Found Arufa's Gadget Shop.
 19894 | Shoals:1 | Was forgiven by Trog
 20527 | Lair:5   | Reached skill level 1 in Translocations
 20722 | Lair:6   | Entered Level 6 of the Lair of Beasts
 21168 | Lair:6   | Reached skill level 15 in Unarmed Combat
 21696 | Lair:6   | Reached XP level 16. HP: 157/185 MP: 15/15
 22113 | Lair:6   | Reached skill level 5 in Translocations
 22221 | Lair:6   | Identified Neloahear's Almanac of the Earthen Glacier
 23087 | Orc:2    | Bought a manual of Fighting for 1656 gold pieces
 23297 | Depths:1 | Entered Level 1 of the Depths
 23890 | Depths:1 | Noticed Bai Suzhen
 23927 | Depths:1 | Killed Bai Suzhen
 23927 | Depths:1 | Reached skill level 19 in Fighting
 24075 | Depths:1 | Found a sparkling altar of Nemelex Xobeh.
 24111 | Depths:1 | Found Feggaoje's Distillery.
 24157 | Depths:1 | Found a gateway to Hell.
 24167 | Depths:1 | Fell from the grace of Trog
 24503 | D:5      | Became a worshipper of Cheibriados the Contemplative
 24708 | Elf:1    | Entered Level 1 of the Elven Halls
 25297 | Elf:1    | Reached * piety under Cheibriados
 25373 | Elf:1    | Reached skill level 1 in Spellcasting
 26087 | Elf:1    | Reached XP level 17. HP: 176/198 MP: 18/18
 26096 | Elf:1    | Found Jiyruk's Weapon Boutique.
 26837 | Elf:1    | Reached ** piety under Cheibriados
 27212 | Elf:2    | Paralysed by Trog for 6 turns
 27251 | Elf:2    | Reached skill level 20 in Fighting
 27388 | Elf:2    | Found a runed translucent gate.
 27388 | Elf:2    | Found a runed translucent gate.
 27388 | Elf:2    | Found a runed translucent gate.
 27395 | Elf:2    | Reached *** piety under Cheibriados
 27609 | Elf:2    | Found Wely's Jewellery Emporium.
 27610 | Elf:2    | Found Upiparem's Gadget Boutique.
 27610 | Elf:2    | Found Ahun's Gadget Boutique.
 27777 | Elf:2    | Learned a level 2 spell: Passwall
 27809 | Elf:3    | Entered Level 3 of the Elven Halls
 27928 | Orc:2    | Bought a book of Changes for 375 gold pieces
 27934 | Orc:2    | Learned a level 5 spell: Blade Hands
 27984 | Orc:2    | Bought a +0 cloak of poison resistance for 136 gold pieces
 28192 | Spider:1 | Entered Level 1 of the Spider Nest
 28195 | Spider:1 | Reached **** piety under Cheibriados
 28201 | Spider:1 | Reached skill level 1 in Transmutations
 28555 | Spider:1 | Noticed Jorgrun
 28567 | Spider:1 | Killed Jorgrun
 28574 | Spider:1 | Reached ***** piety under Cheibriados
 28582 | Spider:1 | Paralysed by Trog for 2 turns
 29806 | Spider:2 | Reached ****** piety under Cheibriados
 30775 | Spider:3 | Reached XP level 18. HP: 197/213 MP: 9/24
 30950 | Spider:3 | Reached skill level 5 in Spellcasting
 30972 | Spider:3 | Reached skill level 5 in Transmutations
 31462 | Spider:4 | Entered Level 4 of the Spider Nest
 31580 | Spider:3 | Paralysed by Trog for 5 turns
 31826 | Spider:3 | Paralysed by Trog for 7 turns
 33301 | Spider:4 | Paralysed by Trog for 7 turns
 33349 | Spider:4 | Got a gossamer rune of Zot
 33793 | Shoals:2 | Reached skill level 1 in Invocations
 33979 | Shoals:2 | Was forgiven by Trog
 34029 | Shoals:2 | Noticed Polyphemus
 34304 | Shoals:1 | HP: 9/213 [Polyphemus (34)]
 34306 | Shoals:1 | Hit by a large rock thrown by Polyphemus

Levels and vault maps discovered:
D:1:      evilmike_arrival_hilbert_curve, layout_rooms
D:2:      layout_loops_ring, serial_glass, glass_columns_c, glass_columns_a,
          uniq_crazy_yiuf_cottage, uniq_robin
D:3:      layout_basic, grunt_temple_overflow_order_and_chaos_2,
          grunt_temple_overflow_open, uniq_jessica, uniq_sigmund, uniq_terence
D:4:      layout_gridville, minmay_misc_feat_x, hangedman_decor_slide_cut,
          minmay_misc_feat_ornament, grunt_gozag_breadcrumbs
D:5:      layout_rooms, kennysheep_little_box, elyvilon_altar_1, first_ration,
          corexii_checkpoint_a
D:6:      layout_cave_pods, kennysheep_mini, serial_shops, shop_fountains,
          gup_ossuary_entry_pyramid
D:7:      layout_loops_ring, minmay_temple_entry_hall, grunt_ogre_cave,
          hangedman_decor_growths
D:8:      layout_basic, overflow_temple_1_default, dpeg_lair_monsters,
          enter_bailey_3, serial_shops, shop
D:9:      layout_long_grid, serial_bayou, serial_bayou_pond_d,
          serial_bayou_pond_e, serial_bayou_pond_b, serial_bayou_ford_a,
          chequers_serial_rivers_large_a
D:10:     layout_irregular_city
D:11:     layout_roguey, david_orc_5, fedhas_altar_4
D:12:     layout_loops_ring, serial_rivers, chequers_serial_rivers_micro_c,
          chequers_serial_rivers_room_a, chequers_serial_rivers_micro_a,
          chequers_serial_rivers_micro_b
D:13:     layout_basic, david_vaults_3, serial_shops, shop_fountains,
          uniq_josephine
D:14:     layout_loops_ring, serial_shops, nicolae_shop_trees,
          minmay_door_square, uniq_kirke, uniq_frances
D:15:     grunt_enter_depths_hoard, layout_gridville, nicolae_ru_path_of_blood,
          hangedman_abyss_or_decor_lesser_grid, hangedman_decor_diamond_cutter,
          uniq_rupert
Lair:1:   layout_chaotic_city
Lair:2:   layout_loops_ring, elwin_shoals_entry_rocks,
          nicolae_spider_entry_tight_spaces, st_stairs_3,
          bobbens_dragon_lair_wall
Lair:3:   dragon1_lemuel, layout_long_grid, ebering_ghost_inner_flame
Lair:4:   layout_misc_corridors, wad_woods_06
Lair:5:   layout_gridlike, slime_altar_2, special_room
          [special_room_mythical_zoo], chequers_serial_rivers_small_b
Lair:6:   evilmike_catoblepas_cave, layout_cave_pods, st_stairs_5
Shoals:1: layout_shoals, serial_shops, nicolae_shop_trees
Shoals:2: layout_shoals, uniq_louise, uniq_polyphemus
Spider:1: layout_spider_delve, guppyfry_spider_mini_1, uniq_jorgrun
Spider:2: layout_spider_delve, nicolae_orb_island
Spider:3: layout_spider_delve, nicolae_orb_stairs
Spider:4: spider_rune_water, portal_ice_cave_entry_pillars_2
Orc:1:    layout_diamond_mine, basic_altar, guppyfry_library_mini
Orc:2:    pf_orc_diabolical, layout_caves, serial_shops, shop,
          nicolae_shop_trees, shop_coins, shop, nicolae_shop_window_shopping,
          okawaru_metal_pillars_1_2, uniq_erolcha
Elf:1:    elf_arrival_002, layout_geoelf_octagon, serial_shops, shop,
          hangedman_elf_disciples, minivault_24
Elf:2:    layout_gridlike, nooodl_food_tri, minmay_shop_grove, uniq_donald
Elf:3:    minmay_elf_hall_spiked, layout_geoelf_grid, serial_shops, shop,
          guppyfry_elf_lava
Depths:1: minmay_textured_paths, layout_basic, serial_shops, shop,
          hangedman_decor_opposing, hell_entry, grunt_pan_entry_zigzag,
          st_stairs_1, nemelex_altar_shiori, uniq_bai_suzhen

Skill      XL: |  1  2  3  4  5  6  7  8  9 10 11 12 13 14 15 16 17 18 |
---------------+-------------------------------------------------------+-----
Fighting       | 3 4 5 6 7 8 11 14 17 18 19 20 | 20.6
Dodging        | 3 4 5 6 7 8 9 10 | 10.3
Unarmed Combat | 4 5 6 7 8 9 11 12 13 15 | 15.6
Armour         | 1 3 5 7 8 |  8.4
Translocations | 4 7 8 |  8.0
Spellcasting   | 1 4 6 |  6.2
Transmutations | 4 8 |  8.1
Invocations    | 1 |  1.8

Action                   |  1- 3 |  4- 6 |  7- 9 | 10-12 | 13-15 | 16-18 || total
-------------------------+-------+-------+-------+-------+-------+-------++-------
Melee: Unarmed           |   142 |   106 |   312 |   664 |  1186 |  1553 ||  3963
       Punch             |     1 |     2 |    11 |       |       |       ||    14
 Cast: Blink             |       |       |       |       |       |    49 ||    49
Invok: Berserk           |     1 |     4 |     4 |     6 |    22 |     3 ||    40
       Brothers in Arms  |       |       |     2 |    15 |       |       ||    17
       Trog's Hand       |       |       |     2 |    11 |     7 |     1 ||    21
Evoke: Wand              |       |       |       |    64 |    15 |    43 ||   122
       Box of beasts     |       |       |       |       |       |     7 ||     7
       Sack of spiders   |       |       |       |       |       |     6 ||     6
  Use: Scroll            |       |       |       |    21 |    11 |    17 ||    49
       Potion            |       |       |       |     5 |       |    14 ||    19
 Stab: Distracted        |       |       |       |     2 |       |     1 ||     3
       Paralysed         |       |       |       |     6 |       |       ||     6
       Petrifying        |       |       |       |       |     1 |       ||     1
       Petrified         |       |       |       |       |       |     9 ||     9
       Held in net/web   |       |       |       |       |       |     2 ||     2
  Eat: Chunk             |    14 |    15 |    39 |    70 |   124 |    72 ||   334
       Ration            |       |       |       |       |     1 |     6 ||     7
Armor: Animal skin       |    68 |    36 |    22 |       |       |       ||   126
       Robe              |       |       |    61 |    43 |       |       ||   104
       Skin              |       |       |       |     6 |       |       ||     6
       Troll leather arm |       |       |       |   107 |    40 |       ||   147
       Fire dragon scale |       |       |       |       |   735 |  1077 ||  1812
Dodge: Dodged            |    83 |    60 |   160 |   306 |   572 |  1366 ||  2547
Block: Shield            |       |       |    50 |   249 |   541 |   953 ||  1793
